[ PARTIDA AOE2 · #490547418 ]
UnrankedPersas vs Burgundians
[ ANÁLISIS DE REPETICIÓN · EXTRAÍDO DE LA PARTIDA GRABADA ]
Feudal
11:10
Castillos
15:21
Imperial
32:14
| APM promedio | 35.9 |
| APM pico | 74 |
| eAPM promedio | 18.4 |
| Aldeanos / militares | 167 / 223 |
Foco
⚔️ 27.0% · 🌾 73.0%
Knight ×183 · Camel Scout ×29 · Spearman ×10 · Fishing Ship ×6 · Monk ×1
Feudal
13:58
Castillos
17:28
Imperial
34:08
| APM promedio | 24.8 |
| APM pico | 59 |
| eAPM promedio | 20.4 |
| Aldeanos / militares | 204 / 236 |
Foco
⚔️ 32.8% · 🌾 67.2%
Knight ×213 · Spearman ×14 · Fishing Ship ×11 · Bombard Cannon ×7 · Monk ×2
Feudal
12:37
Castillos
19:02
Imperial
30:34
| APM promedio | 35.5 |
| APM pico | 144 |
| eAPM promedio | 18.7 |
| Aldeanos / militares | 120 / 141 |
Foco
⚔️ 30.7% · 🌾 69.3%
Skirmisher ×75 · Hand Cannoneer ×48 · Keshik ×14 · Trebuchet (Packed) ×3 · Monk ×1
Feudal
14:07
Castillos
20:31
Imperial
26:07
| APM promedio | 39.1 |
| APM pico | 65 |
| eAPM promedio | 23.1 |
| Aldeanos / militares | 114 / 130 |
Foco
⚔️ 19.5% · 🌾 80.5%
Hand Cannoneer ×86 · Archer ×20 · Bombard Cannon ×18 · Trade Cart ×9 · Monk ×6 · Fishing Ship ×5
Feudal
12:35
Castillos
16:38
Imperial
31:20
| APM promedio | 24.2 |
| APM pico | 49 |
| eAPM promedio | 15.4 |
| Aldeanos / militares | 129 / 345 |
Foco
⚔️ 37.0% · 🌾 63.0%
Spearman ×340 · Knight ×5 · Trade Cart ×5
Feudal
13:58
Castillos
19:37
Imperial
32:37
| APM promedio | 25.9 |
| APM pico | 52 |
| eAPM promedio | 18.5 |
| Aldeanos / militares | 113 / 189 |
Foco
⚔️ 38.1% · 🌾 61.9%
Chu Ko Nu ×90 · Spearman ×86 · Trade Cart ×12 · Skirmisher ×8 · Trebuchet (Packed) ×5 · Fishing Ship ×4
Feudal
12:51
Castillos
18:01
Imperial
34:14
| APM promedio | 16.1 |
| APM pico | 38 |
| eAPM promedio | 11.6 |
| Aldeanos / militares | 99 / 53 |
Foco
⚔️ 25.7% · 🌾 74.3%
Knight ×48 · Spearman ×3 · Monk ×2 · Trade Cart ×2
Feudal
10:46
Castillos
18:03
Imperial
30:13
| APM promedio | 31.9 |
| APM pico | 70 |
| eAPM promedio | 20.5 |
| Aldeanos / militares | 133 / 162 |
Foco
⚔️ 20.0% · 🌾 80.0%
War Elephant ×93 · Knight ×66 · Trade Cart ×12 · Fishing Ship ×8 · Trebuchet (Packed) ×2 · Demolition Raft ×1
Mapa de la partida
Recursos iniciales + cada clic de construcción. Líneas = muros · curvas = relieve. ◆ oro · ⬟ piedra · ● bayas · ✦ reliquia · ◌ hueco del cierre
Tu base· ✓ Cerrada en 15:21 · 9t muro · sin puerta
Base de Cbassjr713· ✓ Cerrada en 17:28 · 0t muro · sin puerta
Base de PaPi· ✓ Cerrada en 19:02 · 42t muro · 2 puerta(s)
Base de bluesea· ✓ Cerrada en 20:31 · 13t muro · sin puerta
Base de ozkaoz1312· ✓ Cerrada en 16:38 · 10t muro · sin puerta
Base de 优势在我· ✓ Cerrada en 19:37 · 32t muro · 2 puerta(s)
Base de The Sar AOE· ✓ Cerrada en 18:01 · 11t muro · sin puerta
Base de mairlarabe· ✓ Cerrada en 18:03 · 0t muro · sin puerta
Terreno inicial suavizado · ◌ = hueco del cierre detectado · pasá el cursor para detalles
Inputs por minuto
— CTM | Crawly94 - - Cbassjr713
Build order — CTM | Crawly94
Primeras 150 de 435 acciones detectadas
| 0:02 | Crear | Villager (Male) |
| 0:02 | Crear | Villager (Male) |
| 0:03 | Construir | House |
| 0:04 | Construir | House |
| 0:04 | Crear | Villager (Male) |
| 0:19 | Crear | Villager (Male) |
| 0:19 | Crear | Villager (Male) |
| 0:54 | Investigar | Loom |
| 0:57 | Crear | Villager (Male) |
| 0:57 | Crear | Villager (Male) |
| 0:57 | Crear | Villager (Male) |
| 1:30 | Crear | Villager (Male) |
| 1:31 | Crear | Villager (Male) |
| 1:41 | Construir | Palisade Wall |
| 2:07 | Crear | Villager (Male) |
| 2:07 | Crear | Villager (Male) |
| 2:31 | Construir | Lumber Camp |
| 2:42 | Crear | Villager (Male) |
| 2:42 | Crear | Villager (Male) |
| 3:17 | Crear | Villager (Male) |
| 3:18 | Crear | Villager (Male) |
| 4:08 | Construir | House |
| 4:14 | Crear | Villager (Male) |
| 4:15 | Crear | Villager (Male) |
| 4:15 | Crear | Villager (Male) |
| 4:42 | Construir | Mill |
| 4:54 | Crear | Villager (Male) |
| 5:24 | Crear | Villager (Male) |
| 5:25 | Crear | Villager (Male) |
| 5:25 | Crear | Villager (Male) |
| 6:04 | Crear | Villager (Male) |
| 6:22 | Crear | Villager (Male) |
| 7:05 | Construir | House |
| 7:33 | Crear | Villager (Male) |
| 8:10 | Crear | Villager (Male) |
| 8:10 | Crear | Villager (Male) |
| 8:42 | Construir | Mining Camp |
| 9:06 | Investigar | Feudal Age |
| 9:06 | Investigar | Feudal Age |
| 9:34 | Construir | House |
| 10:26 | Crear | Villager (Male) |
| 10:27 | Crear | Villager (Male) |
| 11:08 | Construir | Palisade Wall |
| 11:10 | Edad | Edad Feudal |
| 11:33 | Construir | Blacksmith |
| 11:36 | Construir | Market |
| 11:40 | Investigar | Double-Bit Axe |
| 11:55 | Crear | Villager (Male) |
| 12:56 | Investigar | Castle Age |
| 12:56 | Investigar | Castle Age |
| 13:02 | Construir | House |
| 13:03 | Construir | House |
| 13:52 | Construir | Mill |
| 14:11 | Crear | Villager (Male) |
| 15:21 | Crear | Villager (Male) |
| 15:21 | Edad | Edad de los Castillos |
| 15:26 | Construir | Town Center |
| 15:28 | Crear | Villager (Male) |
| 16:18 | Construir | Town Center |
| 16:19 | Crear | Villager (Male) |
| 16:37 | Crear | Villager (Male) |
| 16:38 | Crear | Villager (Male) |
| 16:54 | Crear | Villager (Male) |
| 16:54 | Crear | Villager (Male) |
| 16:59 | Construir | Farm |
| 17:00 | Crear | Villager (Male) |
| 17:28 | Crear | Villager (Male) |
| 17:28 | Crear | Villager (Male) |
| 17:37 | Crear | Villager (Male) |
| 17:38 | Crear | Villager (Male) |
| 17:41 | Construir | Farm |
| 17:41 | Construir | Farm |
| 17:41 | Construir | Farm |
| 17:42 | Construir | Farm |
| 17:42 | Construir | Farm |
| 17:46 | Crear | Villager (Male) |
| 17:53 | Construir | Farm |
| 17:57 | Crear | Villager (Male) |
| 17:57 | Crear | Villager (Male) |
| 18:04 | Construir | Farm |
| 18:08 | Construir | Farm |
| 18:11 | Crear | Villager (Male) |
| 18:17 | Crear | Villager (Male) |
| 18:17 | Crear | Villager (Male) |
| 18:19 | Crear | Villager (Male) |
| 18:23 | Construir | Farm |
| 18:31 | Construir | Farm |
| 18:40 | Crear | Villager (Male) |
| 18:46 | Construir | Farm |
| 18:47 | Crear | Villager (Male) |
| 18:47 | Crear | Villager (Male) |
| 18:48 | Crear | Villager (Male) |
| 18:48 | Crear | Villager (Male) |
| 19:04 | Crear | Villager (Male) |
| 19:08 | Construir | Farm |
| 19:08 | Construir | Farm |
| 19:15 | Construir | Farm |
| 19:18 | Construir | Farm |
| 19:25 | Construir | House |
| 19:31 | Construir | House |
| 19:32 | Construir | House |
| 19:33 | Construir | House |
| 19:36 | Crear | Villager (Male) |
| 19:37 | Crear | Villager (Male) |
| 19:43 | Construir | House |
| 19:44 | Construir | House |
| 19:46 | Construir | House |
| 19:46 | Construir | House |
| 19:48 | Construir | House |
| 19:49 | Construir | House |
| 19:50 | Construir | House |
| 19:51 | Crear | Villager (Male) |
| 19:52 | Crear | Villager (Male) |
| 20:22 | Crear | Villager (Male) ×5 |
| 20:31 | Construir | Town Center |
| 20:36 | Crear | Villager (Male) |
| 20:36 | Crear | Villager (Male) |
| 20:42 | Crear | Villager (Male) |
| 20:42 | Crear | Villager (Male) |
| 20:43 | Construir | Farm |
| 20:46 | Construir | Farm |
| 20:46 | Construir | Farm |
| 20:47 | Construir | Farm |
| 20:47 | Construir | Farm |
| 20:48 | Crear | Villager (Male) |
| 20:49 | Crear | Villager (Male) |
| 21:12 | Crear | Villager (Male) |
| 21:12 | Crear | Villager (Male) |
| 21:17 | Construir | Farm |
| 21:18 | Construir | Farm |
| 21:18 | Construir | Farm |
| 21:18 | Construir | Farm |
| 21:19 | Construir | Farm |
| 21:19 | Construir | Farm |
| 21:19 | Construir | Farm |
| 21:21 | Crear | Villager (Male) |
| 21:21 | Crear | Villager (Male) |
| 21:44 | Crear | Villager (Male) |
| 21:44 | Crear | Villager (Male) |
| 21:44 | Crear | Villager (Male) |
| 21:55 | Crear | Villager (Male) |
| 21:56 | Crear | Villager (Male) |
| 22:05 | Construir | Farm |
| 22:06 | Construir | Farm |
| 22:06 | Construir | Farm |
| 22:06 | Construir | Farm |
| 22:18 | Crear | Villager (Male) |
| 22:19 | Crear | Villager (Male) |
| 22:19 | Crear | Villager (Male) |
| 22:19 | Crear | Villager (Male) |
Build order — Cbassjr713
Primeras 150 de 598 acciones detectadas
| 0:00 | Crear | Villager (Male) |
| 0:01 | Crear | Villager (Male) |
| 0:01 | Crear | Villager (Male) |
| 0:02 | Crear | Villager (Male) |
| 0:03 | Construir | House |
| 0:05 | Construir | House |
| 1:28 | Crear | Villager (Male) |
| 1:28 | Crear | Villager (Male) |
| 1:48 | Crear | Villager (Male) |
| 2:12 | Construir | Lumber Camp |
| 2:25 | Crear | Villager (Male) |
| 2:28 | Crear | Villager (Male) |
| 2:42 | Construir | House |
| 3:05 | Crear | Villager (Male) |
| 3:05 | Crear | Villager (Male) |
| 3:33 | Crear | Villager (Male) |
| 3:55 | Crear | Villager (Male) |
| 3:55 | Crear | Villager (Male) |
| 4:30 | Crear | Villager (Male) |
| 4:40 | Crear | Villager (Male) |
| 5:10 | Construir | Dock |
| 5:18 | Crear | Villager (Male) |
| 5:34 | Crear | Villager (Male) |
| 5:34 | Crear | Villager (Male) |
| 5:40 | Construir | House |
| 6:11 | Crear | Fishing Ship |
| 6:38 | Crear | Villager (Male) |
| 6:38 | Crear | Villager (Male) |
| 6:39 | Crear | Villager (Male) |
| 6:51 | Crear | Villager (Male) |
| 6:54 | Crear | Fishing Ship |
| 7:07 | Crear | Villager (Male) |
| 7:07 | Crear | Villager (Male) |
| 7:31 | Crear | Fishing Ship |
| 7:35 | Construir | House |
| 7:51 | Construir | House |
| 7:56 | Crear | Villager (Male) |
| 8:38 | Construir | Mill |
| 9:06 | Crear | Villager (Male) |
| 9:18 | Crear | Fishing Ship |
| 9:18 | Crear | Fishing Ship |
| 9:29 | Construir | House |
| 9:30 | Construir | House |
| 9:31 | Construir | House |
| 9:37 | Crear | Villager (Male) |
| 9:38 | Crear | Villager (Male) |
| 9:57 | Investigar | Double-Bit Axe |
| 10:18 | Crear | Villager (Male) |
| 10:18 | Crear | Villager (Male) |
| 10:18 | Crear | Villager (Male) |
| 10:22 | Crear | Fishing Ship |
| 10:22 | Crear | Fishing Ship |
| 11:11 | Construir | Mining Camp |
| 11:13 | Investigar | Feudal Age |
| 11:25 | Investigar | Tech 906 |
| 12:36 | Construir | House |
| 12:38 | Construir | House |
| 13:11 | Crear | Villager (Male) |
| 13:11 | Crear | Villager (Male) |
| 13:58 | Edad | Edad Feudal |
| 14:00 | Construir | Market |
| 14:05 | Construir | Blacksmith |
| 14:44 | Investigar | Castle Age |
| 14:49 | Construir | Mining Camp |
| 15:00 | Construir | Fish Trap |
| 15:03 | Construir | Fish Trap |
| 15:07 | Construir | Fish Trap |
| 15:09 | Construir | Fish Trap |
| 15:15 | Construir | Fish Trap |
| 15:18 | Construir | Fish Trap |
| 15:20 | Construir | Fish Trap |
| 15:28 | Investigar | Gillnets |
| 15:49 | Construir | Mill |
| 16:03 | Investigar | Horse Collar |
| 16:32 | Investigar | Loom |
| 16:36 | Investigar | Bow Saw |
| 16:42 | Crear | Villager (Male) |
| 17:28 | Edad | Edad de los Castillos |
| 17:34 | Crear | Villager (Male) |
| 17:40 | Construir | Town Center |
| 17:49 | Construir | Town Center |
| 17:56 | Crear | Villager (Male) |
| 18:04 | Crear | Fishing Ship |
| 18:23 | Construir | Farm |
| 18:28 | Investigar | Two-Man Saw |
| 18:32 | Crear | Villager (Male) |
| 18:34 | Investigar | Heavy Plow |
| 18:47 | Construir | Fish Trap |
| 18:50 | Crear | Villager (Male) |
| 19:10 | Construir | Farm |
| 19:14 | Construir | Farm |
| 19:36 | Crear | Villager (Male) |
| 19:37 | Crear | Villager (Male) |
| 19:44 | Crear | Villager (Male) ×5 |
| 19:47 | Crear | Villager (Male) |
| 19:47 | Crear | Villager (Male) |
| 20:01 | Construir | Town Center |
| 20:11 | Investigar | Loom |
| 20:11 | Investigar | Wheelbarrow |
| 20:14 | Construir | Farm |
| 20:18 | Construir | Farm |
| 20:38 | Construir | Farm |
| 20:40 | Construir | Farm |
| 20:47 | Construir | Monastery |
| 20:53 | Crear | Villager (Male) |
| 20:54 | Crear | Villager (Male) |
| 20:54 | Crear | Villager (Male) |
| 20:54 | Crear | Villager (Male) |
| 20:55 | Crear | Villager (Male) |
| 20:55 | Crear | Villager (Male) |
| 20:55 | Crear | Villager (Male) |
| 20:58 | Crear | Fishing Ship |
| 21:14 | Crear | Villager (Male) |
| 21:20 | Crear | Monk |
| 21:29 | Investigar | Gold Mining |
| 21:31 | Investigar | Stone Mining |
| 21:32 | Crear | Villager (Male) |
| 21:32 | Crear | Villager (Male) |
| 21:33 | Crear | Villager (Male) |
| 21:33 | Crear | Villager (Male) |
| 21:33 | Crear | Villager (Male) |
| 21:36 | Crear | Villager (Male) |
| 21:36 | Crear | Villager (Male) |
| 21:45 | Construir | Fish Trap |
| 21:48 | Crear | Fishing Ship |
| 21:55 | Crear | Villager (Male) |
| 21:56 | Crear | Villager (Male) |
| 22:00 | Construir | House |
| 22:01 | Construir | House |
| 22:01 | Construir | House |
| 22:02 | Construir | House |
| 22:11 | Construir | House |
| 22:13 | Construir | House |
| 22:14 | Construir | House |
| 22:17 | Crear | Villager (Male) |
| 22:17 | Crear | Villager (Male) |
| 22:26 | Crear | Villager (Male) |
| 22:27 | Crear | Villager (Male) |
| 22:38 | Construir | Barracks |
| 22:42 | Crear | Villager (Male) |
| 22:42 | Crear | Villager (Male) |
| 22:43 | Crear | Villager (Male) |
| 22:43 | Crear | Villager (Male) |
| 22:43 | Crear | Villager (Male) |
| 22:55 | Construir | Fish Trap |
| 22:59 | Crear | Villager (Male) |
| 22:59 | Crear | Villager (Male) |
| 23:00 | Crear | Fishing Ship |
| 23:11 | Crear | Villager (Male) |
| 23:13 | Crear | Villager (Male) |
Build order — PaPi
Primeras 150 de 333 acciones detectadas
| 0:05 | Construir | House |
| 0:07 | Construir | House |
| 0:07 | Crear | Villager (Male) |
| 0:16 | Investigar | Loom |
| 0:33 | Crear | Villager (Male) |
| 1:00 | Crear | Villager (Male) |
| 1:00 | Crear | Villager (Male) |
| 1:25 | Construir | Palisade Wall |
| 2:01 | Crear | Villager (Male) |
| 2:49 | Crear | Villager (Male) |
| 2:49 | Crear | Villager (Male) |
| 3:14 | Crear | Villager (Male) |
| 3:15 | Crear | Villager (Male) |
| 3:49 | Crear | Villager (Male) |
| 3:49 | Crear | Villager (Male) |
| 3:52 | Crear | Villager (Male) |
| 3:52 | Crear | Villager (Male) |
| 4:22 | Crear | Villager (Male) |
| 4:22 | Crear | Villager (Male) |
| 4:38 | Construir | Lumber Camp |
| 4:55 | Crear | Villager (Male) |
| 4:56 | Crear | Villager (Male) |
| 5:12 | Crear | Villager (Male) |
| 5:12 | Crear | Villager (Male) |
| 5:24 | Crear | Villager (Male) |
| 5:25 | Crear | Villager (Male) |
| 5:32 | Construir | House |
| 5:34 | Construir | House |
| 6:00 | Crear | Villager (Male) |
| 6:00 | Crear | Villager (Male) |
| 6:10 | Crear | Villager (Male) |
| 6:28 | Construir | House |
| 6:35 | Construir | House |
| 6:45 | Crear | Villager (Male) |
| 7:03 | Crear | Villager (Male) |
| 7:04 | Crear | Villager (Male) |
| 7:04 | Crear | Villager (Male) |
| 7:23 | Crear | Villager (Male) |
| 7:24 | Crear | Villager (Male) |
| 7:47 | Crear | Villager (Male) |
| 7:47 | Crear | Villager (Male) |
| 7:49 | Crear | Villager (Male) |
| 7:50 | Crear | Villager (Male) |
| 8:05 | Crear | Villager (Male) |
| 8:23 | Crear | Villager (Male) |
| 8:23 | Crear | Villager (Male) |
| 8:36 | Construir | Mill |
| 8:49 | Construir | House |
| 9:11 | Crear | Villager (Male) |
| 9:11 | Crear | Villager (Male) |
| 9:29 | Construir | House |
| 9:31 | Construir | House |
| 9:32 | Crear | Villager (Male) |
| 9:32 | Crear | Villager (Male) |
| 9:56 | Crear | Villager (Male) |
| 10:06 | Construir | Mining Camp |
| 10:19 | Crear | Villager (Male) |
| 10:20 | Crear | Villager (Male) |
| 10:25 | Investigar | Feudal Age |
| 11:59 | Crear | Villager (Male) |
| 12:00 | Crear | Villager (Male) |
| 12:37 | Edad | Edad Feudal |
| 12:43 | Construir | Stone Wall |
| 12:53 | Construir | Stone Wall |
| 12:58 | Construir | Lumber Camp |
| 12:59 | Crear | Villager (Male) |
| 12:59 | Crear | Villager (Male) |
| 13:14 | Construir | Market |
| 13:42 | Construir | House |
| 14:03 | Construir | Gate |
| 14:20 | Construir | Gate |
| 14:27 | Crear | Villager (Male) |
| 14:28 | Crear | Villager (Male) |
| 15:07 | Construir | Mill |
| 15:22 | Crear | Villager (Male) |
| 15:22 | Crear | Villager (Male) |
| 15:24 | Crear | Villager (Male) |
| 15:25 | Crear | Villager (Male) |
| 15:57 | Construir | Blacksmith |
| 16:21 | Investigar | Castle Age |
| 16:43 | Construir | Mining Camp |
| 18:00 | Investigar | Stone Mining |
| 18:19 | Investigar | Double-Bit Axe |
| 18:19 | Investigar | Double-Bit Axe |
| 18:28 | Construir | Farm |
| 18:28 | Construir | Farm |
| 18:28 | Construir | Farm |
| 18:33 | Construir | Farm |
| 18:33 | Construir | Farm |
| 18:33 | Construir | Farm |
| 18:34 | Construir | Farm |
| 18:50 | Construir | Farm |
| 18:51 | Construir | Farm |
| 18:59 | Construir | House |
| 19:02 | Edad | Edad de los Castillos |
| 19:17 | Crear | Villager (Male) |
| 19:19 | Crear | Villager (Male) |
| 19:32 | Construir | House |
| 19:53 | Crear | Villager (Male) |
| 20:01 | Construir | Farm |
| 20:08 | Crear | Villager (Male) |
| 20:09 | Crear | Villager (Male) |
| 20:41 | Construir | Castle |
| 20:47 | Crear | Villager (Male) |
| 21:03 | Construir | Town Center |
| 21:26 | Crear | Villager (Male) |
| 21:27 | Crear | Villager (Male) |
| 21:27 | Crear | Villager (Male) |
| 21:53 | Crear | Villager (Male) |
| 21:53 | Crear | Villager (Male) |
| 22:03 | Construir | Siege Workshop |
| 22:06 | Construir | Monastery |
| 22:11 | Crear | Villager (Male) |
| 22:11 | Crear | Villager (Male) |
| 22:16 | Crear | Villager (Male) |
| 22:17 | Crear | Villager (Male) |
| 22:17 | Crear | Villager (Male) |
| 22:17 | Crear | Villager (Male) |
| 22:17 | Crear | Villager (Male) |
| 22:18 | Crear | Villager (Male) |
| 22:18 | Crear | Villager (Male) |
| 22:18 | Crear | Villager (Male) |
| 22:18 | Crear | Villager (Male) |
| 22:18 | Crear | Villager (Male) |
| 23:01 | Construir | Town Center |
| 23:03 | Crear | Villager (Male) |
| 23:04 | Crear | Villager (Male) |
| 23:04 | Crear | Villager (Male) |
| 23:13 | Crear | Monk |
| 23:23 | Construir | Mill |
| 23:35 | Crear | Villager (Male) |
| 23:35 | Crear | Villager (Male) |
| 24:06 | Construir | Farm |
| 24:07 | Construir | Farm |
| 24:07 | Construir | Farm |
| 24:07 | Construir | Farm |
| 24:07 | Construir | Farm |
| 24:11 | Crear | Villager (Male) |
| 24:11 | Crear | Villager (Male) |
| 24:14 | Crear | Villager (Male) |
| 24:14 | Crear | Villager (Male) |
| 24:15 | Crear | Villager (Male) |
| 24:37 | Investigar | Horse Collar |
| 24:57 | Investigar | Fletching |
| 25:07 | Crear | Villager (Male) |
| 25:07 | Crear | Villager (Male) |
| 25:07 | Crear | Villager (Male) |
| 25:17 | Construir | Farm |
| 25:17 | Construir | Farm |
| 25:18 | Crear | Villager (Male) |
Build order — bluesea
Primeras 150 de 329 acciones detectadas
| 0:03 | Investigar | Loom |
| 0:03 | Crear | Villager (Male) |
| 0:03 | Crear | Villager (Male) |
| 0:04 | Crear | Villager (Male) |
| 0:04 | Crear | Villager (Male) |
| 0:04 | Crear | Villager (Male) |
| 0:06 | Construir | House |
| 0:45 | Construir | Palisade Wall |
| 1:45 | Construir | House |
| 2:24 | Crear | Villager (Male) |
| 2:24 | Crear | Villager (Male) |
| 2:29 | Construir | House |
| 2:39 | Construir | Palisade Wall |
| 2:54 | Crear | Villager (Male) |
| 2:55 | Crear | Villager (Male) |
| 2:55 | Crear | Villager (Male) |
| 3:28 | Crear | Villager (Male) |
| 3:29 | Crear | Villager (Male) |
| 3:29 | Crear | Villager (Male) |
| 3:53 | Crear | Villager (Male) |
| 3:54 | Crear | Villager (Male) |
| 3:54 | Crear | Villager (Male) |
| 4:33 | Crear | Villager (Male) |
| 4:33 | Crear | Villager (Male) |
| 4:49 | Construir | Lumber Camp |
| 4:52 | Crear | Villager (Male) |
| 4:52 | Crear | Villager (Male) |
| 4:52 | Crear | Villager (Male) |
| 5:02 | Crear | Villager (Male) |
| 5:03 | Crear | Villager (Male) |
| 5:08 | Crear | Villager (Male) |
| 5:08 | Crear | Villager (Male) |
| 5:44 | Crear | Villager (Male) |
| 5:44 | Crear | Villager (Male) |
| 5:45 | Crear | Villager (Male) |
| 6:15 | Crear | Villager (Male) |
| 6:15 | Crear | Villager (Male) |
| 6:25 | Crear | Villager (Male) |
| 6:25 | Crear | Villager (Male) |
| 6:26 | Crear | Villager (Male) |
| 8:04 | Crear | Villager (Male) |
| 8:05 | Crear | Villager (Male) |
| 8:05 | Crear | Villager (Male) |
| 8:05 | Crear | Villager (Male) |
| 9:04 | Crear | Villager (Male) |
| 9:05 | Crear | Villager (Male) |
| 9:09 | Construir | House |
| 9:24 | Crear | Villager (Male) |
| 9:32 | Construir | Dock |
| 10:02 | Construir | House |
| 10:12 | Construir | Mill |
| 11:11 | Crear | Villager (Male) |
| 11:18 | Construir | House |
| 11:25 | Investigar | Feudal Age |
| 12:05 | Construir | Lumber Camp |
| 13:53 | Crear | Villager (Male) |
| 14:03 | Crear | Fishing Ship |
| 14:04 | Crear | Fishing Ship |
| 14:07 | Edad | Edad Feudal |
| 14:12 | Construir | House |
| 14:22 | Construir | Market |
| 14:26 | Construir | Blacksmith |
| 14:54 | Construir | Mining Camp |
| 15:26 | Crear | Villager (Male) |
| 15:26 | Crear | Fishing Ship |
| 15:28 | Crear | Villager (Male) |
| 16:04 | Crear | Villager (Male) |
| 16:17 | Crear | Villager (Male) |
| 16:18 | Crear | Fishing Ship |
| 17:03 | Crear | Fishing Ship |
| 17:20 | Crear | Villager (Male) |
| 17:51 | Investigar | Castle Age |
| 17:51 | Investigar | Castle Age |
| 17:52 | Investigar | Castle Age |
| 18:12 | Investigar | Double-Bit Axe |
| 18:13 | Investigar | Double-Bit Axe |
| 18:13 | Investigar | Gold Mining |
| 18:14 | Investigar | Gold Mining |
| 18:14 | Investigar | Gold Mining |
| 18:36 | Construir | Farm |
| 18:37 | Construir | Farm |
| 18:38 | Construir | Farm |
| 18:40 | Construir | Farm |
| 18:41 | Construir | Farm |
| 18:42 | Construir | Farm |
| 18:45 | Construir | Farm |
| 18:54 | Construir | Farm |
| 18:55 | Construir | Farm |
| 19:39 | Construir | House |
| 19:40 | Construir | House |
| 20:06 | Construir | Mining Camp |
| 20:15 | Crear | Villager (Male) |
| 20:19 | Construir | Farm |
| 20:20 | Construir | Farm |
| 20:21 | Construir | Farm |
| 20:31 | Edad | Edad de los Castillos |
| 20:34 | Crear | Villager (Male) |
| 20:42 | Construir | Siege Workshop |
| 21:09 | Construir | University |
| 21:14 | Crear | Villager (Male) |
| 21:27 | Investigar | Bow Saw |
| 21:40 | Crear | Villager (Male) |
| 21:51 | Construir | Fish Trap |
| 22:17 | Construir | Fish Trap |
| 22:32 | Construir | Fish Trap |
| 22:57 | Investigar | Imperial Age |
| 23:16 | Construir | Barracks |
| 23:27 | Construir | Barracks |
| 23:35 | Construir | Fish Trap |
| 23:45 | Construir | Fish Trap |
| 23:51 | Investigar | Gold Shaft Mining |
| 24:28 | Construir | Archery Range |
| 24:53 | Investigar | Horse Collar |
| 25:14 | Construir | Archery Range |
| 25:49 | Investigar | Ballistics |
| 25:50 | Investigar | Ballistics |
| 25:50 | Investigar | Ballistics |
| 26:07 | Edad | Edad Imperial |
| 26:09 | Crear | Bombard Cannon |
| 26:14 | Crear | Hand Cannoneer |
| 26:14 | Crear | Hand Cannoneer |
| 26:15 | Crear | Hand Cannoneer |
| 26:19 | Crear | Hand Cannoneer |
| 26:19 | Crear | Hand Cannoneer |
| 26:20 | Crear | Hand Cannoneer |
| 26:25 | Crear | Villager (Male) |
| 26:27 | Crear | Villager (Male) |
| 26:31 | Construir | Town Center |
| 26:38 | Crear | Villager (Male) |
| 26:40 | Investigar | Wheelbarrow |
| 26:41 | Investigar | Wheelbarrow |
| 26:55 | Construir | House |
| 26:56 | Construir | House |
| 27:03 | Construir | House |
| 27:08 | Crear | Hand Cannoneer ×5 |
| 27:35 | Crear | Bombard Cannon |
| 27:36 | Crear | Bombard Cannon |
| 27:46 | Construir | House |
| 27:51 | Crear | Villager (Male) |
| 27:52 | Crear | Villager (Male) |
| 27:57 | Crear | Villager (Male) |
| 27:57 | Crear | Villager (Male) |
| 28:38 | Construir | House |
| 28:47 | Construir | House |
| 29:09 | Crear | Hand Cannoneer ×5 |
| 29:09 | Crear | Hand Cannoneer ×5 |
| 29:09 | Crear | Hand Cannoneer ×2 |
| 29:25 | Crear | Villager (Male) |
| 29:25 | Crear | Villager (Male) |
| 29:26 | Crear | Villager (Male) |
Build order — ozkaoz1312
Primeras 150 de 404 acciones detectadas
| 0:08 | Crear | Villager (Male) |
| 0:08 | Crear | Villager (Male) |
| 0:09 | Crear | Villager (Male) |
| 0:09 | Crear | Villager (Male) |
| 0:10 | Construir | House |
| 0:12 | Construir | House |
| 1:29 | Construir | Palisade Wall |
| 1:50 | Crear | Villager (Male) |
| 2:09 | Crear | Villager (Male) |
| 2:21 | Construir | Lumber Camp |
| 3:04 | Crear | Villager (Male) |
| 3:05 | Crear | Villager (Male) |
| 3:14 | Crear | Villager (Male) |
| 3:15 | Crear | Villager (Male) |
| 3:15 | Crear | Villager (Male) |
| 3:48 | Crear | Villager (Male) |
| 3:48 | Crear | Villager (Male) |
| 4:00 | Construir | House |
| 4:18 | Crear | Villager (Male) |
| 4:33 | Construir | House |
| 4:34 | Construir | House |
| 4:59 | Crear | Villager (Male) |
| 4:59 | Crear | Villager (Male) |
| 4:59 | Crear | Villager (Male) |
| 5:26 | Construir | Mill |
| 5:39 | Crear | Villager (Male) |
| 5:40 | Crear | Villager (Male) |
| 6:16 | Construir | Lumber Camp |
| 7:19 | Crear | Villager (Male) |
| 7:19 | Crear | Villager (Male) |
| 7:20 | Crear | Villager (Male) |
| 7:20 | Crear | Villager (Male) |
| 7:20 | Crear | Villager (Male) |
| 8:06 | Crear | Villager (Male) |
| 8:06 | Crear | Villager (Male) |
| 8:06 | Crear | Villager (Male) |
| 8:12 | Construir | Mining Camp |
| 9:04 | Crear | Villager (Male) |
| 9:04 | Crear | Villager (Male) |
| 9:25 | Crear | Villager (Male) |
| 9:25 | Crear | Villager (Male) |
| 9:25 | Crear | Villager (Male) |
| 9:26 | Crear | Villager (Male) |
| 10:25 | Investigar | Feudal Age |
| 12:35 | Edad | Edad Feudal |
| 13:05 | Construir | Blacksmith |
| 13:14 | Construir | Market |
| 13:58 | Investigar | Castle Age |
| 13:58 | Investigar | Castle Age |
| 14:12 | Construir | Farm |
| 14:12 | Construir | Farm |
| 14:13 | Construir | Farm |
| 14:21 | Construir | Mining Camp |
| 15:12 | Investigar | Wheelbarrow |
| 15:15 | Crear | Villager (Male) |
| 15:34 | Investigar | Double-Bit Axe |
| 15:34 | Investigar | Double-Bit Axe |
| 16:38 | Edad | Edad de los Castillos |
| 16:42 | Construir | Town Center |
| 16:53 | Construir | Town Center |
| 17:23 | Crear | Villager (Male) |
| 17:36 | Construir | Farm |
| 17:38 | Construir | Farm |
| 18:08 | Construir | Barracks |
| 18:13 | Crear | Villager (Male) |
| 18:13 | Crear | Villager (Male) |
| 18:14 | Crear | Villager (Male) |
| 18:14 | Crear | Villager (Male) |
| 18:21 | Construir | Farm |
| 18:21 | Construir | Farm |
| 18:28 | Construir | Farm |
| 18:28 | Construir | Farm |
| 18:33 | Crear | Villager (Male) |
| 19:02 | Crear | Trade Cart |
| 19:02 | Crear | Trade Cart |
| 19:02 | Crear | Trade Cart |
| 19:05 | Crear | Villager (Male) |
| 19:05 | Crear | Villager (Male) |
| 19:05 | Crear | Villager (Male) |
| 19:25 | Construir | Stable |
| 19:26 | Crear | Villager (Male) |
| 19:26 | Crear | Villager (Male) |
| 19:26 | Crear | Villager (Male) |
| 19:38 | Construir | Farm |
| 19:38 | Construir | Farm |
| 19:45 | Crear | Villager (Male) |
| 19:48 | Construir | Farm |
| 19:49 | Crear | Villager (Male) |
| 19:54 | Construir | Farm |
| 19:54 | Construir | Farm |
| 19:55 | Construir | Farm |
| 19:55 | Construir | Farm |
| 19:55 | Construir | Farm |
| 19:56 | Construir | Farm |
| 19:57 | Construir | Farm |
| 19:57 | Construir | Farm |
| 19:58 | Construir | Farm |
| 19:58 | Construir | Farm |
| 19:58 | Construir | Farm |
| 19:59 | Construir | Farm |
| 19:59 | Construir | Farm |
| 20:00 | Construir | Farm |
| 20:00 | Construir | Farm |
| 20:00 | Construir | Farm |
| 20:11 | Construir | House |
| 20:17 | Construir | Farm |
| 20:19 | Construir | Farm |
| 20:25 | Crear | Villager (Male) |
| 20:25 | Crear | Villager (Male) |
| 20:25 | Crear | Villager (Male) |
| 20:25 | Crear | Villager (Male) |
| 20:31 | Construir | House |
| 20:33 | Construir | House |
| 20:59 | Crear | Villager (Male) |
| 20:59 | Crear | Villager (Male) |
| 21:06 | Construir | Farm |
| 21:07 | Crear | Villager (Male) |
| 21:08 | Crear | Villager (Male) |
| 21:08 | Crear | Villager (Male) |
| 21:17 | Investigar | Horse Collar |
| 21:17 | Investigar | Horse Collar |
| 21:24 | Construir | House |
| 21:26 | Construir | House |
| 21:28 | Construir | House |
| 21:32 | Construir | Farm |
| 21:33 | Crear | Villager (Male) |
| 21:33 | Crear | Villager (Male) |
| 21:50 | Crear | Trade Cart |
| 21:51 | Crear | Trade Cart |
| 21:52 | Crear | Villager (Male) |
| 21:56 | Construir | Farm |
| 22:25 | Construir | Farm |
| 22:26 | Crear | Villager (Male) |
| 22:26 | Crear | Villager (Male) |
| 22:26 | Crear | Villager (Male) |
| 22:33 | Construir | Farm |
| 22:38 | Crear | Villager (Male) |
| 22:38 | Crear | Villager (Male) |
| 22:47 | Construir | House |
| 22:48 | Construir | House |
| 22:50 | Crear | Villager (Male) |
| 22:50 | Crear | Villager (Male) |
| 23:02 | Construir | Farm |
| 23:04 | Construir | Farm |
| 23:05 | Crear | Villager (Male) |
| 23:05 | Crear | Villager (Male) |
| 23:05 | Crear | Villager (Male) |
| 23:16 | Construir | Farm |
| 23:16 | Construir | Farm |
| 23:16 | Construir | Farm |
Build order — 优势在我
Primeras 150 de 465 acciones detectadas
| 0:06 | Investigar | Loom |
| 0:11 | Construir | House |
| 0:35 | Construir | House |
| 1:38 | Crear | Villager (Male) |
| 1:38 | Crear | Villager (Male) |
| 2:07 | Crear | Villager (Male) |
| 3:05 | Construir | House |
| 3:15 | Crear | Villager (Male) |
| 3:16 | Crear | Villager (Male) |
| 3:43 | Construir | House |
| 3:54 | Crear | Villager (Male) |
| 3:59 | Crear | Villager (Male) |
| 4:00 | Crear | Villager (Male) |
| 4:17 | Construir | Palisade Wall |
| 4:25 | Construir | Palisade Wall |
| 4:28 | Construir | Palisade Wall |
| 4:32 | Construir | Palisade Wall |
| 4:49 | Construir | Palisade Gate |
| 4:59 | Crear | Villager (Male) |
| 5:00 | Crear | Villager (Male) |
| 5:15 | Crear | Villager (Male) |
| 5:58 | Crear | Villager (Male) |
| 5:58 | Crear | Villager (Male) |
| 5:59 | Crear | Villager (Male) |
| 6:28 | Crear | Villager (Male) |
| 6:28 | Crear | Villager (Male) |
| 6:28 | Crear | Villager (Male) |
| 7:00 | Construir | House |
| 7:03 | Construir | House |
| 7:14 | Crear | Villager (Male) |
| 7:14 | Crear | Villager (Male) |
| 7:37 | Construir | Palisade Gate |
| 7:43 | Construir | Palisade Wall |
| 7:44 | Construir | Palisade Wall |
| 7:56 | Construir | Lumber Camp |
| 8:02 | Crear | Villager (Male) |
| 8:02 | Crear | Villager (Male) |
| 8:21 | Crear | Villager (Male) |
| 8:56 | Crear | Villager (Male) |
| 9:12 | Construir | Mill |
| 9:14 | Crear | Villager (Male) |
| 9:26 | Crear | Villager (Male) |
| 9:51 | Crear | Villager (Male) |
| 10:16 | Crear | Villager (Male) |
| 10:29 | Construir | Mining Camp |
| 10:40 | Construir | House |
| 11:06 | Investigar | Feudal Age |
| 12:20 | Construir | Barracks |
| 12:24 | Crear | Villager (Male) |
| 13:07 | Construir | Farm |
| 13:08 | Construir | Farm |
| 13:33 | Construir | Dock |
| 13:42 | Crear | Villager (Male) |
| 13:58 | Edad | Edad Feudal |
| 14:07 | Crear | Villager (Male) |
| 14:07 | Crear | Villager (Male) |
| 14:20 | Construir | Watch Tower |
| 14:33 | Investigar | Double-Bit Axe |
| 14:39 | Crear | Villager (Male) |
| 14:53 | Crear | Villager (Male) |
| 15:10 | Construir | Market |
| 15:16 | Crear | Villager (Male) |
| 15:17 | Crear | Villager (Male) |
| 15:52 | Crear | Villager (Male) |
| 16:12 | Construir | Blacksmith |
| 16:18 | Construir | House |
| 16:24 | Crear | Villager (Male) |
| 16:50 | Investigar | Castle Age |
| 16:56 | Investigar | Castle Age |
| 16:58 | Crear | Villager (Male) |
| 17:06 | Construir | Mining Camp |
| 17:16 | Construir | House |
| 17:19 | Construir | House |
| 17:25 | Investigar | Stone Mining |
| 17:28 | Crear | Villager (Male) |
| 17:45 | Construir | House |
| 17:46 | Construir | House |
| 18:07 | Construir | Stone Wall |
| 18:12 | Crear | Villager (Male) |
| 18:21 | Construir | House |
| 18:22 | Construir | House |
| 18:30 | Crear | Villager (Male) |
| 18:48 | Construir | Farm |
| 18:49 | Construir | Farm |
| 18:51 | Construir | Farm |
| 19:37 | Edad | Edad de los Castillos |
| 19:43 | Crear | Villager (Male) |
| 19:55 | Construir | Town Center |
| 20:38 | Crear | Villager (Male) |
| 21:00 | Construir | Castle |
| 21:32 | Investigar | Wheelbarrow |
| 21:35 | Crear | Villager (Male) |
| 21:35 | Crear | Villager (Male) |
| 21:47 | Construir | Lumber Camp |
| 21:51 | Crear | Villager (Male) |
| 22:19 | Construir | Farm |
| 22:20 | Construir | Farm |
| 22:22 | Construir | Farm |
| 22:23 | Construir | Farm |
| 22:25 | Construir | Farm |
| 22:26 | Construir | Farm |
| 22:29 | Crear | Villager (Male) |
| 22:45 | Crear | Villager (Male) |
| 22:52 | Construir | Farm |
| 22:53 | Construir | Farm |
| 22:54 | Construir | Farm |
| 22:55 | Construir | Farm |
| 22:59 | Crear | Villager (Male) |
| 23:34 | Construir | Town Center |
| 23:41 | Construir | Farm |
| 23:44 | Crear | Fishing Ship |
| 23:46 | Crear | Fishing Ship |
| 23:49 | Crear | Villager (Male) |
| 23:50 | Crear | Villager (Male) |
| 23:54 | Crear | Villager (Male) |
| 24:18 | Construir | Gate |
| 24:30 | Construir | House |
| 24:36 | Construir | Fish Trap |
| 24:38 | Crear | Fishing Ship |
| 24:44 | Crear | Villager (Male) |
| 24:46 | Crear | Villager (Male) |
| 24:52 | Investigar | Horse Collar |
| 24:55 | Investigar | Gold Mining |
| 25:07 | Construir | Farm |
| 25:08 | Construir | Farm |
| 25:09 | Construir | Farm |
| 25:12 | Construir | Farm |
| 25:13 | Construir | Farm |
| 25:16 | Crear | Villager (Male) |
| 25:26 | Construir | Fish Trap |
| 25:28 | Crear | Fishing Ship |
| 25:44 | Crear | Villager (Male) |
| 25:46 | Crear | Villager (Male) |
| 25:48 | Crear | Villager (Male) |
| 25:58 | Construir | Farm |
| 26:34 | Construir | University |
| 26:41 | Construir | Fish Trap |
| 26:45 | Construir | Fish Trap |
| 26:50 | Crear | Villager (Male) |
| 26:50 | Crear | Villager (Male) |
| 26:56 | Crear | Villager (Male) |
| 26:58 | Crear | Villager (Male) |
| 27:23 | Crear | Villager (Male) |
| 27:26 | Crear | Villager (Male) |
| 27:29 | Crear | Villager (Male) |
| 27:35 | Construir | Farm |
| 27:36 | Construir | Farm |
| 27:37 | Construir | Farm |
| 27:37 | Construir | Farm |
| 27:38 | Construir | Farm |
Build order — The Sar AOE
Primeras 150 de 266 acciones detectadas
| 0:04 | Crear | Villager (Male) |
| 0:04 | Crear | Villager (Male) |
| 0:05 | Construir | House |
| 0:07 | Construir | House |
| 0:31 | Crear | Villager (Male) |
| 0:31 | Crear | Villager (Male) |
| 1:32 | Crear | Villager (Male) |
| 1:32 | Crear | Villager (Male) |
| 1:42 | Construir | House |
| 1:44 | Construir | House |
| 1:46 | Construir | House |
| 2:05 | Crear | Villager (Male) |
| 2:05 | Crear | Villager (Male) |
| 2:47 | Crear | Villager (Male) |
| 2:47 | Crear | Villager (Male) |
| 3:10 | Crear | Villager (Male) |
| 3:10 | Crear | Villager (Male) |
| 3:45 | Crear | Villager (Male) |
| 3:45 | Crear | Villager (Male) |
| 4:28 | Crear | Villager (Male) |
| 4:28 | Crear | Villager (Male) |
| 4:28 | Crear | Villager (Male) |
| 4:28 | Crear | Villager (Male) |
| 5:06 | Crear | Villager (Male) |
| 5:06 | Crear | Villager (Male) |
| 5:17 | Crear | Villager (Male) |
| 5:17 | Crear | Villager (Male) |
| 6:16 | Construir | Lumber Camp |
| 6:22 | Crear | Villager (Male) |
| 6:22 | Crear | Villager (Male) |
| 7:17 | Construir | Mill |
| 7:23 | Crear | Villager (Male) |
| 7:23 | Crear | Villager (Male) |
| 8:22 | Crear | Villager (Male) |
| 8:50 | Crear | Villager (Male) |
| 9:51 | Crear | Villager (Male) |
| 10:10 | Construir | Barracks |
| 10:41 | Investigar | Feudal Age |
| 10:53 | Construir | Palisade Wall |
| 11:47 | Construir | Mining Camp |
| 11:51 | Crear | Villager (Male) |
| 11:51 | Crear | Villager (Male) |
| 11:59 | Construir | Farm |
| 11:59 | Construir | Farm |
| 11:59 | Construir | Farm |
| 12:41 | Construir | Outpost |
| 12:51 | Edad | Edad Feudal |
| 13:18 | Crear | Villager (Male) |
| 13:50 | Construir | Farm |
| 13:50 | Construir | Farm |
| 13:51 | Construir | Farm |
| 13:51 | Construir | Farm |
| 13:51 | Construir | Farm |
| 14:12 | Construir | Market |
| 14:15 | Construir | Blacksmith |
| 14:37 | Construir | Farm |
| 14:37 | Construir | Farm |
| 14:37 | Construir | Farm |
| 14:38 | Construir | Farm |
| 15:21 | Investigar | Castle Age |
| 15:21 | Investigar | Castle Age |
| 15:29 | Construir | Mining Camp |
| 15:43 | Investigar | Double-Bit Axe |
| 17:28 | Crear | Villager (Male) |
| 17:29 | Crear | Villager (Male) |
| 17:29 | Crear | Villager (Male) |
| 18:01 | Edad | Edad de los Castillos |
| 18:06 | Construir | Town Center |
| 18:28 | Crear | Villager (Male) |
| 18:28 | Crear | Villager (Male) |
| 18:37 | Construir | House |
| 18:58 | Crear | Villager (Male) |
| 18:58 | Crear | Villager (Male) |
| 18:59 | Crear | Villager (Male) |
| 18:59 | Crear | Villager (Male) |
| 18:59 | Crear | Villager (Male) |
| 18:59 | Crear | Villager (Male) |
| 19:00 | Crear | Villager (Male) |
| 19:00 | Crear | Villager (Male) |
| 19:35 | Construir | Town Center |
| 19:48 | Crear | Villager (Male) |
| 19:49 | Crear | Villager (Male) |
| 19:49 | Crear | Villager (Male) |
| 19:49 | Crear | Villager (Male) |
| 19:56 | Crear | Villager (Male) |
| 19:56 | Crear | Villager (Male) |
| 20:05 | Investigar | Stone Mining |
| 20:16 | Investigar | Bow Saw |
| 20:25 | Crear | Villager (Male) |
| 20:26 | Crear | Villager (Male) |
| 20:49 | Crear | Villager (Male) |
| 20:49 | Crear | Villager (Male) |
| 20:50 | Crear | Villager (Male) |
| 20:51 | Crear | Villager (Male) |
| 21:33 | Construir | Stable |
| 21:35 | Construir | Stable |
| 21:40 | Construir | Stable |
| 21:51 | Crear | Trade Cart |
| 22:01 | Construir | House |
| 22:04 | Construir | House |
| 22:11 | Construir | Farm |
| 22:11 | Construir | Farm |
| 22:20 | Crear | Villager (Male) |
| 22:20 | Crear | Villager (Male) |
| 22:25 | Investigar | Wheelbarrow |
| 22:57 | Construir | Farm |
| 22:57 | Construir | Farm |
| 22:57 | Construir | Farm |
| 23:01 | Crear | Villager (Male) |
| 23:03 | Crear | Villager (Male) |
| 23:04 | Crear | Villager (Male) |
| 23:31 | Investigar | Scale Barding Armor |
| 23:32 | Investigar | Scale Barding Armor |
| 23:32 | Investigar | Scale Barding Armor |
| 23:42 | Construir | Farm |
| 23:42 | Construir | Farm |
| 23:42 | Construir | Farm |
| 23:43 | Construir | Farm |
| 24:01 | Construir | Stable |
| 24:04 | Crear | Knight |
| 24:04 | Crear | Knight |
| 24:09 | Construir | Farm |
| 24:12 | Crear | Villager (Male) |
| 24:13 | Crear | Villager (Male) |
| 24:13 | Crear | Villager (Male) |
| 24:23 | Construir | House |
| 24:24 | Construir | House |
| 24:26 | Construir | House |
| 24:28 | Construir | House |
| 24:40 | Investigar | Husbandry |
| 24:43 | Crear | Villager (Male) |
| 24:44 | Crear | Villager (Male) |
| 25:10 | Crear | Villager (Male) |
| 25:10 | Crear | Villager (Male) |
| 25:10 | Crear | Villager (Male) |
| 25:11 | Crear | Villager (Male) |
| 25:12 | Crear | Villager (Male) |
| 25:13 | Crear | Villager (Male) |
| 25:15 | Crear | Villager (Male) |
| 25:30 | Construir | Farm |
| 25:31 | Construir | Farm |
| 25:31 | Construir | Farm |
| 25:31 | Construir | Farm |
| 25:31 | Construir | Farm |
| 25:32 | Construir | Farm |
| 25:44 | Construir | Farm |
| 25:44 | Construir | Farm |
| 25:44 | Construir | Farm |
| 25:45 | Construir | Farm |
| 25:45 | Construir | Farm |
Build order — mairlarabe
Primeras 150 de 395 acciones detectadas
| 0:01 | Crear | Villager (Male) |
| 0:01 | Crear | Villager (Male) |
| 0:02 | Crear | Villager (Male) |
| 0:03 | Construir | House |
| 0:04 | Construir | House |
| 0:06 | Crear | Villager (Male) |
| 0:06 | Crear | Villager (Male) |
| 1:36 | Crear | Villager (Male) |
| 1:36 | Crear | Villager (Male) |
| 1:53 | Crear | Villager (Male) |
| 2:05 | Construir | Lumber Camp |
| 2:40 | Crear | Villager (Male) |
| 2:40 | Crear | Villager (Male) |
| 2:40 | Crear | Villager (Male) |
| 2:40 | Crear | Villager (Male) |
| 3:15 | Construir | House |
| 3:26 | Crear | Villager (Male) |
| 3:26 | Crear | Villager (Male) |
| 4:02 | Crear | Villager (Male) |
| 4:03 | Crear | Villager (Male) |
| 4:35 | Crear | Villager (Male) |
| 5:08 | Crear | Villager (Male) |
| 5:17 | Construir | House |
| 5:24 | Crear | Villager (Male) |
| 6:13 | Crear | Villager (Male) |
| 6:13 | Crear | Villager (Male) |
| 6:34 | Crear | Villager (Male) |
| 6:46 | Crear | Villager (Male) |
| 7:25 | Construir | Dock |
| 7:33 | Construir | Dock |
| 7:48 | Construir | Mill |
| 8:05 | Construir | Dock |
| 8:19 | Crear | Villager (Male) |
| 8:19 | Crear | Villager (Male) |
| 8:39 | Investigar | Feudal Age |
| 8:44 | Crear | Fishing Ship |
| 8:49 | Construir | House |
| 9:29 | Construir | Lumber Camp |
| 10:17 | Crear | Fishing Ship |
| 10:43 | Crear | Villager (Male) |
| 10:43 | Crear | Villager (Male) |
| 10:44 | Crear | Fishing Ship |
| 10:46 | Edad | Edad Feudal |
| 10:49 | Construir | House |
| 10:50 | Construir | House |
| 10:55 | Investigar | Double-Bit Axe |
| 11:32 | Crear | Villager (Male) |
| 11:37 | Construir | Mining Camp |
| 11:43 | Crear | Villager (Male) |
| 11:46 | Crear | Demolition Raft |
| 11:58 | Construir | Market |
| 12:19 | Crear | Villager (Male) |
| 12:19 | Crear | Villager (Male) |
| 12:33 | Crear | Fishing Ship |
| 12:34 | Crear | Fishing Ship |
| 12:45 | Crear | Villager (Male) |
| 13:06 | Construir | Blacksmith |
| 13:13 | Investigar | Horse Collar |
| 13:32 | Crear | Villager (Male) |
| 14:03 | Crear | Villager (Male) |
| 14:03 | Crear | Villager (Male) |
| 14:07 | Construir | Mining Camp |
| 14:11 | Crear | Fishing Ship |
| 14:29 | Investigar | Wheelbarrow |
| 14:54 | Investigar | Castle Age |
| 16:01 | Crear | Fishing Ship |
| 16:01 | Crear | Fishing Ship |
| 16:05 | Construir | House |
| 16:10 | Crear | Trade Cart |
| 16:10 | Crear | Trade Cart |
| 17:01 | Construir | Fish Trap |
| 17:13 | Construir | Fish Trap |
| 17:20 | Construir | Fish Trap |
| 17:33 | Construir | House |
| 17:34 | Construir | House |
| 17:46 | Construir | Fish Trap |
| 17:48 | Construir | Fish Trap |
| 17:51 | Construir | Fish Trap |
| 18:03 | Edad | Edad de los Castillos |
| 18:04 | Construir | Town Center |
| 18:09 | Construir | Town Center |
| 18:12 | Crear | Villager (Male) |
| 18:13 | Crear | Villager (Male) |
| 18:25 | Construir | Fish Trap |
| 18:36 | Crear | Villager (Male) |
| 18:36 | Crear | Villager (Male) |
| 18:46 | Construir | Fish Trap |
| 19:03 | Crear | Villager (Male) |
| 19:04 | Crear | Villager (Male) |
| 19:04 | Crear | Villager (Male) |
| 19:04 | Crear | Villager (Male) |
| 19:20 | Investigar | Heavy Plow |
| 19:22 | Crear | Villager (Male) |
| 19:22 | Crear | Villager (Male) |
| 19:32 | Crear | Villager (Male) |
| 19:32 | Crear | Villager (Male) |
| 19:42 | Construir | Farm |
| 19:43 | Crear | Villager (Male) |
| 19:47 | Construir | Farm |
| 19:51 | Crear | Trade Cart |
| 19:51 | Crear | Trade Cart |
| 19:56 | Crear | Villager (Male) |
| 19:56 | Crear | Villager (Male) |
| 20:07 | Construir | Farm |
| 20:08 | Crear | Villager (Male) |
| 20:10 | Construir | Farm |
| 20:11 | Crear | Villager (Male) |
| 20:11 | Crear | Villager (Male) |
| 20:27 | Construir | Town Center |
| 20:31 | Crear | Villager (Male) |
| 20:31 | Crear | Villager (Male) |
| 20:34 | Construir | Farm |
| 20:39 | Construir | Farm |
| 20:41 | Crear | Villager (Male) |
| 20:51 | Construir | Farm |
| 20:54 | Construir | Farm |
| 21:04 | Construir | House |
| 21:05 | Construir | House |
| 21:06 | Construir | House |
| 21:09 | Investigar | Loom |
| 21:16 | Construir | Farm |
| 21:18 | Crear | Villager (Male) |
| 21:19 | Crear | Villager (Male) |
| 21:24 | Crear | Villager (Male) |
| 21:32 | Construir | Farm |
| 21:36 | Construir | Farm |
| 21:40 | Investigar | Bow Saw |
| 21:40 | Investigar | Bow Saw |
| 21:41 | Crear | Villager (Male) |
| 21:42 | Crear | Villager (Male) |
| 21:52 | Construir | House |
| 21:53 | Construir | House |
| 21:55 | Crear | Villager (Male) |
| 21:55 | Crear | Villager (Male) |
| 21:57 | Construir | Farm |
| 22:03 | Construir | Market |
| 22:05 | Crear | Villager (Male) |
| 22:05 | Crear | Villager (Male) |
| 22:20 | Construir | Mining Camp |
| 22:23 | Construir | Farm |
| 22:24 | Crear | Villager (Male) |
| 22:24 | Crear | Villager (Male) |
| 22:24 | Crear | Villager (Male) |
| 22:24 | Crear | Villager (Male) |
| 22:26 | Construir | Farm |
| 22:28 | Crear | Villager (Male) |
| 22:34 | Crear | Villager (Male) |
| 22:34 | Crear | Villager (Male) |
| 22:44 | Construir | Town Center |
| 22:46 | Crear | Villager (Male) |
Cronología de la partida
| 0:45 | bluesea · wall_segment Palisade Wall x7 |
| 1:25 | PaPi · wall_segment Palisade Wall x22 |
| 1:29 | ozkaoz1312 · wall_segment Palisade Wall x10 |
| 1:41 | CTM | Crawly94 · wall_segment Palisade Wall x8 |
| 2:39 | bluesea · wall_segment Palisade Wall x6 |
| 4:17 | 优势在我 · wall_segment Palisade Wall x4 |
| 4:25 | 优势在我 · wall_segment Palisade Wall x1 |
| 4:28 | 优势在我 · wall_segment Palisade Wall x1 |
| 4:32 | 优势在我 · wall_segment Palisade Wall x15 |
| 5:10 | Cbassjr713 · first_building Dock |
| 7:25 | mairlarabe · first_building Dock |
| 7:43 | 优势在我 · wall_segment Palisade Wall x1 |
| 7:44 | 优势在我 · wall_segment Palisade Wall x1 |
| 9:32 | bluesea · first_building Dock |
| 10:10 | The Sar AOE · first_building Barracks |
| 10:46 | mairlarabe · age_up feudal |
| 10:53 | The Sar AOE · wall_segment Palisade Wall x11 |
| 11:08 | CTM | Crawly94 · wall_segment Palisade Wall x1 |
| 11:10 | CTM | Crawly94 · age_up feudal |
| 12:20 | 优势在我 · first_building Barracks |
| 12:35 | ozkaoz1312 · age_up feudal |
| 12:37 | PaPi · age_up feudal |
| 12:43 | PaPi · wall_segment Stone Wall x19 |
| 12:51 | The Sar AOE · age_up feudal |
| 12:53 | PaPi · wall_segment Stone Wall x4 |
| 13:33 | 优势在我 · first_building Dock |
| 13:58 | 优势在我 · age_up feudal |
| 13:58 | Cbassjr713 · age_up feudal |
| 14:07 | bluesea · age_up feudal |
| 15:21 | CTM | Crawly94 · age_up castle |
| 16:38 | ozkaoz1312 · age_up castle |
| 16:39 | 优势在我 · first_market_buy 100 food |
| 17:28 | Cbassjr713 · age_up castle |
| 18:01 | The Sar AOE · age_up castle |
| 18:03 | mairlarabe · age_up castle |
| 18:07 | 优势在我 · wall_segment Stone Wall x9 |
| 18:08 | ozkaoz1312 · first_building Barracks |
| 19:02 | PaPi · age_up castle |
| 19:25 | ozkaoz1312 · first_building Stable |
| 19:37 | 优势在我 · age_up castle |
| 20:24 | CTM | Crawly94 · first_market_buy 100 stone |
| 20:31 | bluesea · age_up castle |
| 20:41 | PaPi · first_building Castle |
| 20:42 | bluesea · first_building Siege Workshop |
| 20:47 | Cbassjr713 · first_building Monastery |
| 21:00 | PaPi · first_market_buy 100 stone |
| 21:00 | 优势在我 · first_building Castle |
| 21:33 | The Sar AOE · first_building Stable |
| 22:03 | PaPi · first_building Siege Workshop |
| 22:06 | PaPi · first_building Monastery |
| 22:38 | Cbassjr713 · first_building Barracks |
| 23:16 | bluesea · first_building Barracks |
| 23:31 | Cbassjr713 · first_building Stable |
| 24:20 | Cbassjr713 · first_building Castle |
| 24:28 | bluesea · first_building Archery Range |
| 25:10 | ozkaoz1312 · wall_segment Stone Wall x8 |
| 25:11 | ozkaoz1312 · wall_segment Stone Wall x5 |
| 25:22 | mairlarabe · first_building Castle |
| 25:33 | mairlarabe · first_building Barracks |
| 25:35 | ozkaoz1312 · first_building Castle |
| 25:36 | CTM | Crawly94 · first_building Dock |
| 25:49 | ozkaoz1312 · first_building Monastery |
| 26:07 | bluesea · age_up imperial |
| 26:17 | CTM | Crawly94 · first_building Barracks |
| 26:27 | The Sar AOE · first_building Monastery |
| 26:54 | Cbassjr713 · wall_segment Stone Wall x4 |
| 27:03 | PaPi · first_market_sell 100 wood |
| 27:24 | mairlarabe · first_building Stable |
| 27:56 | CTM | Crawly94 · first_building Stable |
| 28:03 | CTM | Crawly94 · first_building Monastery |
| 28:19 | PaPi · first_building Barracks |
| 28:47 | ozkaoz1312 · wall_segment Stone Wall x9 |
| 28:53 | ozkaoz1312 · wall_segment Stone Wall x7 |
| 29:05 | 优势在我 · first_building Siege Workshop |
| 29:34 | PaPi · first_building Archery Range |
| 30:13 | mairlarabe · age_up imperial |
| 30:34 | PaPi · age_up imperial |
| 30:56 | The Sar AOE · first_market_sell 100 food |
| 31:02 | CTM | Crawly94 · first_building Castle |
| 31:05 | Cbassjr713 · first_market_sell 500 wood |
| 31:20 | ozkaoz1312 · age_up imperial |
| 32:14 | CTM | Crawly94 · age_up imperial |
| 32:27 | The Sar AOE · first_building Castle |
| 32:37 | 优势在我 · age_up imperial |
| 34:06 | mairlarabe · first_market_sell 100 food |
| 34:08 | Cbassjr713 · age_up imperial |
| 34:11 | Cbassjr713 · first_building Siege Workshop |
| 34:14 | The Sar AOE · age_up imperial |
| 34:26 | CTM | Crawly94 · first_market_sell 100 wood |
| 34:53 | 优势在我 · first_building Archery Range |
| 35:08 | ozkaoz1312 · wall_segment Stone Wall x9 |
| 35:31 | The Sar AOE · first_market_buy 100 stone |
| 36:19 | ozkaoz1312 · first_market_buy 500 wood |
| 36:23 | CTM | Crawly94 · wall_segment Stone Wall x4 |
| 36:30 | CTM | Crawly94 · wall_segment Stone Wall x1 |
| 36:39 | mairlarabe · wall_segment Stone Wall x11 |
| 36:51 | bluesea · first_market_buy 100 wood |
| 38:46 | ozkaoz1312 · wall_segment Stone Wall x9 |
| 39:10 | Cbassjr713 · first_market_buy 500 food |
| 40:14 | bluesea · first_building Monastery |
| 40:44 | CTM | Crawly94 · wall_segment Stone Wall x3 |
| 41:49 | CTM | Crawly94 · wall_segment Stone Wall x8 |
| 42:09 | The Sar AOE · wall_segment Stone Wall x4 |
| 42:36 | ozkaoz1312 · wall_segment Stone Wall x6 |
| 43:04 | CTM | Crawly94 · wall_segment Stone Wall x1 |
| 43:17 | ozkaoz1312 · wall_segment Stone Wall x1 |
| 43:17 | 优势在我 · first_market_sell 100 food |
| 43:57 | The Sar AOE · first_building Siege Workshop |
| 44:42 | ozkaoz1312 · tribute_sent a jugador 1 |
| 44:42 | ozkaoz1312 · tribute_sent a jugador 2 |
| 44:42 | ozkaoz1312 · tribute_sent a jugador 3 |
| 44:42 | ozkaoz1312 · tribute_sent a jugador 4 |
| 44:42 | ozkaoz1312 · tribute_sent a jugador 6 |
| 44:42 | ozkaoz1312 · tribute_sent a jugador 7 |
| 44:42 | ozkaoz1312 · tribute_sent a jugador 8 |
| 45:23 | CTM | Crawly94 · first_building Archery Range |
| 45:39 | The Sar AOE · tribute_sent a jugador 1 |
| 45:39 | The Sar AOE · tribute_sent a jugador 2 |
| 45:39 | The Sar AOE · tribute_sent a jugador 3 |
| 45:39 | The Sar AOE · tribute_sent a jugador 4 |
| 45:39 | The Sar AOE · tribute_sent a jugador 5 |
| 45:39 | The Sar AOE · tribute_sent a jugador 6 |
| 45:39 | The Sar AOE · tribute_sent a jugador 8 |
| 46:50 | bluesea · first_building Castle |
| 47:04 | CTM | Crawly94 · resign |
[ ANÁLISIS IA · 1 CRÉDITO ]
¿Qué pasó realmente en esta partida?
Wolo.gg analiza cada decisión: build order, eco, micro, errores típicos por bracket. Análisis personalizado por WhatsApp o Discord en 30 segundos.
Guía civ
Persas
Perfil
CTM | Crawly94